 Dungeon Sprint DCSS version 0.27.0-1-g7a089689b8 (webtiles) character file.

Game seed: 5780718410686528056

23459 Sopht the Severer (level 13, -3/88 HPs)
             Began as a Gargoyle Gladiator on Aug 17, 2021.
             Was the Champion of Okawaru.
             Engulfed by a cloud of freezing vapour (8 damage)
             ... in the Dungeon (Sprint V: "Ziggurat Sprint").
             The game lasted 00:37:17 (681 turns).

Sopht the Severer (Gargoyle Gladiator)               Turns: 681, Time: 00:37:18

Health: -3/88      AC: 48    Str: 23    XL:     13   Next: 6%
Magic:  10/17      EV: 14    Int: 18    God:    Okawaru [******]
Gold:   0          SH: 19    Dex: 17    Spells: 13/13 levels left

rFire    + . .     SeeInvis +   F - +14 obsidian axe {vorpal, Drain Fly SInv}
rCold    . . .     Faith    .   I - +3 kite shield
rNeg     + . .     Spirit   .   G - +15 Maxwell's patent armour {-Cast -Tele rElec Will+ rCorr}
rPois    ∞         Reflect  .   a - +1 helmet {Int+3}
rElec    +         Harm     .   J - +0 cloak
rCorr    +         Rampage  .   M - +0 pair of gloves {Stlth+}
Will     +....     NoTele   +   (no boots) Stlth +.........NoCast +
                                P - amulet "Ceupaa" {Acrobat +Blink rF+ rCorr}
HPRegen  0.24/turn              y - +6 ring of dexterity
MPRegen  0.15/turn              A - +6 ring of intelligence

@: mighty, heroic, finesse-ful, flying, mesmerised, studying Fire Magic
A: sickness immunity, AC +9, negative energy resistance 1, electricity
resistance, torment resistance 1, petrification resistance
a: Renounce Religion, Evoke Blink, Heroism, Finesse


You were in the Dungeon.
You worshipped Okawaru.
Okawaru was exalted by your worship.
You visited 1 branch

Inventory:

Hand Weapons
 F - the +14 obsidian axe (weapon) {vorpal, Drain Fly SInv}
   (You found it in the Dungeon)

   It inflicts extra damage upon your enemies.
   It occasionally summons demons to assist the wielder when it strikes in
   combat.
   Its wielder is mesmerised by any visible foes.
   It cannot be unequipped while any foes are visible.
   SInv:      It lets you see invisible.
   Fly:       It grants you flight.
   Drain:     It drains your maximum health when unequipped.
Missiles
 d - 5 throwing nets
Armour
 a - a +1 helmet of intelligence (worn)
 G - the +15 Maxwell's patent armour (worn) {-Cast -Tele rElec Will+ rCorr}
   (You found it in the Dungeon)

   rElec:     It insulates you from electricity.
   -Cast:     It prevents spellcasting.
   -Tele:     It prevents most forms of teleportation.
   rCorr:     It protects you from acid and corrosion.
   Will:      It increases your willpower.
 I - a +3 kite shield (worn)
 J - a +0 cloak (worn)
 M - a +0 pair of gloves of stealth (worn)
Jewellery
 c - a +6 ring of dexterity
 y - a +6 ring of dexterity (left hand)
 A - a +6 ring of intelligence (right hand)
 B - a +6 ring of intelligence
 C - a +6 ring of strength
 D - a +6 ring of strength
 K - a +4 ring of protection
 O - a +4 ring of evasion
 P - the amulet "Ceupaa" (around neck) {Acrobat +Blink rF+ rCorr}
   (You found it in the Dungeon)

   [amulet of the acrobat]

   It increases your evasion while moving and waiting.
   rF:        It protects you from fire.
   +Blink:    It lets you blink.
   rCorr:     It protects you from acid and corrosion.
 Q - a ring of protection from cold
 R - the ring of Tegemoz {EV+4 Stlth+}
   (You found it in the Dungeon)

   [ring of evasion]

   EV:        It affects your evasion (+4).
   Stlth:     It makes you more stealthy.
Wands
 u - a wand of mindburst (7)
 v - a wand of iceblast (7)
 w - a wand of acid (7)
Scrolls
 j - 4 scrolls of blinking
 n - a scroll of brand weapon
 p - 4 scrolls of amnesia
 q - 7 scrolls of fog
 r - a scroll of holy word
 s - 4 scrolls of identify
 t - 2 scrolls of fear
Potions
 e - 7 potions of curing
 g - 5 potions of haste
 h - 7 potions of magic
 i - 3 potions of berserk rage
 k - 2 potions of brilliance
 l - 2 potions of invisibility
 m - 4 potions of resistance
 o - 3 potions of might
 H - a potion of attraction
Miscellaneous
 b - a phantom mirror
 x - a piece from Xom's chessboard (15/15)
 z - a phial of floods
 E - a lightning rod (4/4) (quivered)
 N - a tin of tremorstones (2/2)
 S - a condenser vane


   Skills:
 + Level 13.2(18.2) Fighting
 + Level 0.7(5.7) Long Blades
 + Level 17.2(22.2) Axes
 + Level 0.8(18.7) Maces & Flails
 + Level 1.3(17.8) Polearms
 + Level 9.9(15.0) Staves
 + Level 0.7(8.4) Slings
 + Level 0.8(5.8) Bows
 + Level 0.8(5.8) Crossbows
 + Level 5.3(10.4) Throwing
 + Level 11.3(16.3) Armour
 + Level 9.1(14.1) Dodging
 + Level 4.7(9.7) Stealth
 + Level 13.6(18.6) Shields
 + Level 0.8(5.8) Unarmed Combat
 + Level 0.7 Spellcasting
 + Level 1.0 Conjurations
 + Level 0.7 Hexes
 + Level 0.7 Summonings
 + Level 0.6 Necromancy
 + Level 0.7 Translocations
 + Level 0.6 Transmutations
 + Level 0.8 Fire Magic
 + Level 2.0 Ice Magic
 + Level 1.3 Air Magic
 + Level 1.0 Earth Magic
 + Level 0.8 Poison Magic
 + Level 5.7 Invocations
 + Level 6.9 Evocations


You had 13 spell levels left.
You didn't know any spells.
Your spell library contained the following spells:

 Spells                   Type           Power      Damage    Failure   Level
 Apportation              Tloc           6%         N/A       77%         1
 Frozen Ramparts          Ice            16%        1d3       90%         3
 Conjure Flame            Conj/Fire      3%         6-21      97%         3
 Inner Flame              Hex/Fire       3%         N/A       98%         3
 Animate Armour           Summ/Erth      6%         N/A       100%        4
 Cause Fear               Hex            1%         N/A       100%        4
 Hailstorm                Conj/Ice       6%         3d4       100%        4
 Ice Form                 Ice/Tmut       5%         N/A       100%        4
 Sticky Flame             Conj/Fire      3%         2d3       100%        4
 Summon Ice Beast         Ice/Summ       5%         N/A       100%        4
 Bolt of Magma            Conj/Fire/Erth 2%         4d4       100%        5
 Summon Forest            Summ/Tloc      1%         N/A       100%        5
 Dispersal                Tloc           1%         N/A       100%        6
 Simulacrum               Ice/Necr       2%         N/A       100%        6
 Discord                  Hex            1%         N/A       100%        8
 Disjunction              Tloc           1%         N/A       100%        8
 Fire Storm               Conj/Fire      1%         8d1       100%        9
 Sublimation of Blood     Necr           Unusable   N/A       N/A         2

Dungeon Overview and Level Annotations

Branches:
Dungeon (1/1)

Altars:
Ashenzari
Cheibriados
Dithmenos
Elyvilon
Fedhas
Gozag
Hepliaklqana
Kikubaaqudgha
Makhleb
Nemelex Xobeh
Okawaru
Qazlal
Ru
Sif Muna
Trog
Uskayaw
Vehumet
Wu Jian
Xom
Yredelemnul
Zin
The Shining One
Beogh
Jiyva
Lugonu

Annotations:
D 1 transporter


Innate Abilities, Weirdness & Mutations

You are immune to sickness and miasma.
Your stone body is resilient. (AC +9)
You are immune to poison.
You resist negative energy. (rN+)
You are resistant to electric shocks. (rElec)
You are resistant to unholy torment.
You are immune to petrification.


Message History

The orange demon misses you.
Pabbyust snaps closed at you but does no damage.
You feel better.
You are engulfed in freezing vapours.
* * * LOW HITPOINT WARNING * * *
Your rust devil hits Pabbyust.
Pabbyust seems to be corroded for longer.
Your soul eater is engulfed in freezing vapours.
Your soul eater hits Pabbyust.
You block the orange demon's attack. Pabbyust barely misses your soul eater.
You cannot move away from Pabbyust!
Unknown command.
You barely miss Pabbyust.
Pabbyust is almost dead.
You are engulfed in freezing vapours.
You hit Pabbyust.
Pabbyust is almost dead.
You are engulfed in freezing vapours.
Your rust devil is engulfed in freezing vapours.
Your rust devil hits Pabbyust.
Pabbyust seems to be corroded for longer.
You hit Pabbyust but do no damage.
Pabbyust is almost dead.
You are engulfed in freezing vapours.
* * * LOW HITPOINT WARNING * * *
Your soul eater hits Pabbyust.
You block the orange demon's attack. You block Pabbyust's attack.
You closely miss Pabbyust.
Pabbyust is almost dead.
You are engulfed in freezing vapours.
* * * LOW HITPOINT WARNING * * *
You slice Pabbyust!!
You break out of your daze!
You kill Pabbyust!
Okawaru is honoured by your kill. Something appears at your feet!
You see here a +0 pair of boots of stealth.
Okawaru grants you armour!
Visions of slaying the orange demon flood into your mind.
You are engulfed in freezing vapours.
You die...

▓........▓.
▓....8©8....▓...†....▓.
▓..=})[)[:..▓........▓.
▓...=[|)[:..▓...©....▓.
▓...........▓▓▓▓▓▓▓▓▓▓▓
▓...........▓...8©8...▓
▓....°°°....▓..)......▓
▓....4.°4...▓...}|)...▓
..▓.3@°.▓..▓.........▓
▓.▓...▓.▓ ▓.........▓
▓..▓.....▓..▓.........▓
▓.....©.....▓..)†.....▓
▓▓▓▓▓▓▓▓▓▓▓▓▓.▓)(.).▓.▓
▓....8©8....▓...)©....▓
▓...|."=[}..▓▓▓▓▓▓▓▓▓▓▓
▓...!}.:}...▓...8©8...▓
▓.....).....▓...|).=..▓


You could see an orange demon (mesmerising), a friendly soul eater (summoned)
and a friendly rust devil (summoned).

Vanquished Creatures
  A pandemonium lord (D)
  A cacodemon (D)
  A blizzard demon (D)
  A green death (D)
  3 merfolk impalers (D)
  A spriggan air mage (D)
  4 hydras (D)
  3 merfolk aquamancers (D)
  A dancing weapon (D)
  A spriggan berserker (D)
  A soul eater (D)
  A sea snake (D)
  A flayed ghost (D)
  A deep elf archer (D)
  A deep elf pyromancer (D)
  An orc sorcerer (D)
  A manticore (D)
  A water nymph (D)
  A rust devil (D)
  A hellion (D)
  A hellwing (D)
  A hornet (shapeshifter) (D)
  A jumping spider (D)
  3 merfolk (D)
  A wind drake (D)
  A blink frog (D)
  A large abomination (D)
  2 spriggans (D)
  A flying skull (D)
  Sigmund (D)
  A yak (D)
  A fire elemental (D)
  A basilisk (D)
  2 chaos spawn (D)
  Duvessa (D)
  3 hell hounds (D)
  3 water moccasins (D)
  2 centaurs (D)
  A phantom (D)
  2 wolves (D)
  2 scorpions (D)
  A wight (D)
  An adder (D)
  An ufetubus (D)
  2 adder zombies (D)
  An adder skeleton (D)
  2 bat skeletons (D)
  2 bat zombies (D)
  A ball python skeleton (D)
  A ball python zombie (D)
  A giant cockroach zombie (D)
  2 jackal skeletons (D)
  A quokka zombie (D)
75 creatures vanquished.

Vanquished Creatures (collateral kills)
  A pandemonium lord (D)
  A deep elf knight (D)
  A komodo dragon (D)
  2 merfolk (D)
  A spriggan (D)
  A wyvern (D)
  A black bear (D)
  2 necrophages (D)
  A wolf (D)
  A centaur (D)
  Blork the orc (D)
  A scorpion (D)
  Dowan (D)
  A wight (D)
  Crazy Yiuf (D)
  Jessica (D)
  An adder zombie (D)
  An adder skeleton (D)
  A bat skeleton (D)
  A ball python zombie (D)
22 creatures vanquished.

Vanquished Creatures (others)
  A deep elf knight (D)
  A hellion (D)
2 creatures vanquished.

Grand Total: 99 creatures vanquished

Notes
Turn   | Place    | Note
-------+----------+-------------------------------------------
     0 | D        | Sopht the Gargoyle Gladiator began the quest for the Orb.
     0 | D        | Reached XP level 1. HP: 12/12 MP: 1/1
     3 | D        | Found a blossoming altar of Fedhas.
     4 | D        | Found the +6 Majin-Bo {vamp, MP+6 Int+6}
     4 | D        | Found the +9 heavy crossbow "Sniper" {vorpal, Acc+∞ SInv}
     4 | D        | Found the +10 dark maul {vorpal}
     4 | D        | Found the +15 Maxwell's patent armour {-Cast -Tele rElec
                  | Will+ rCorr}
     4 | D        | Found the +18 shield of the Gong {rElec rN+ Will+ EV-5}
     4 | D        | Found the +14 obsidian axe {vorpal, Drain Fly SInv}
     4 | D        | Found the +7 great mace "Firestarter" {inner flame, rF++}
     4 | D        | Found the +6 shillelagh "Devastator" {shatter}
     4 | D        | Found the +11 plutonium sword {Contam Stlth-}
     4 | D        | Found the +8 lance "Wyrmbane" {slay drac, rPois rF+ rC+
                  | AC+3}
     4 | D        | Found the +9 sword of Zonguldrok {reap}
     4 | D        | Found the +13 scythe of Curses {drain, Drain}
     4 | D        | Found the +5 sword of Power {vorpal}
     4 | D        | Found the +7 mace of Variability {chain chaos}
     4 | D        | Found the +7 Singing Sword {vorpal, sonic wave}
     4 | D        | Found the +8 storm bow {elec, penet}
     4 | D        | Found a viscous altar of Jiyva.
     4 | D        | Found a transporter.
     4 | D        | Found a hazy altar of Hepliaklqana.
     4 | D        | Found an ancient bone altar of Kikubaaqudgha.
     4 | D        | Found an opulent altar of Gozag.
     4 | D        | Found a corrupted altar of Lugonu.
    21 | D        | Found a shimmering blue altar of Sif Muna.
    21 | D        | Found a sacrificial altar of Ru.
    21 | D        | Found a bloodstained altar of Trog.
    21 | D        | Found a stormy altar of Qazlal.
    21 | D        | Found an iron altar of Okawaru.
    21 | D        | Found a sparkling altar of Nemelex Xobeh.
    23 | D        | Found a burning altar of Makhleb.
   106 | D        | Became a worshipper of Warmaster Okawaru
   119 | D        | Entered arena 2.
   119 | D        | Noticed a wolf
   119 | D        | Noticed a wolf
   119 | D        | Found a transporter.
   123 | D        | Killed a wolf
   123 | D        | Reached * piety under Okawaru
   124 | D        | Reached skill level 1 in Axes
   124 | D        | Reached skill level 5 in Staves
   124 | D        | Reached skill level 1 in Shields
   124 | D        | Reached XP level 2. HP: 19/19 MP: 2/2
   124 | D        | Reached XP level 3. HP: 23/23 MP: 3/3
   124 | D        | Reached XP level 4. HP: 28/28 MP: 4/4
   124 | D        | Killed a wolf
   125 | D        | Reached skill level 2 in Axes
   125 | D        | Reached skill level 5 in Dodging
   125 | D        | Reached XP level 5. HP: 33/33 MP: 5/5
   145 | D        | Entered arena 3.
   145 | D        | Noticed a water moccasin
   145 | D        | Noticed a water moccasin
   145 | D        | Found a transporter.
   149 | D        | Killed a water moccasin
   149 | D        | Reached ** piety under Okawaru
   150 | D        | Reached skill level 3 in Axes
   150 | D        | Reached skill level 1 in Armour
   150 | D        | Reached XP level 6. HP: 39/39 MP: 6/6
   150 | D        | Killed a water moccasin
   151 | D        | Reached skill level 5 in Fighting
   151 | D        | Reached skill level 4 in Axes
   152 | D        | Reached skill level 1 in Polearms
   152 | D        | Reached skill level 1 in Conjurations
   152 | D        | Reached skill level 1 in Air Magic
   152 | D        | Reached skill level 1 in Earth Magic
   152 | D        | Reached skill level 1 in Invocations
   152 | D        | Reached XP level 7. HP: 44/44 MP: 6/8
   165 | D        | Entered arena 4.
   165 | D        | Found a transporter.
   172 | D        | Reached skill level 5 in Axes
   172 | D        | Reached XP level 8. HP: 49/51 MP: 9/9
   187 | D        | Entered arena 5.
   187 | D        | Noticed a jumping spider
   187 | D        | Found a transporter.
   191 | D        | Killed a jumping spider
   191 | D        | Reached *** piety under Okawaru
   193 | D        | Reached skill level 5 in Throwing
   197 | D        | Reached skill level 6 in Axes
   208 | D        | Entered arena 6.
   208 | D        | Noticed a spriggan
   208 | D        | Noticed a spriggan
   208 | D        | Noticed a spriggan
   208 | D        | Found a transporter.
   212 | D        | Killed a spriggan
   213 | D        | Reached skill level 5 in Shields
   213 | D        | Killed a spriggan
   214 | D        | Killed a spriggan
   214 | D        | Reached **** piety under Okawaru
   215 | D        | Reached skill level 7 in Axes
   215 | D        | Reached XP level 9. HP: 56/56 MP: 10/10
   234 | D        | Entered arena 7.
   235 | D        | Found the +8 arc blade {discharge, rElec}
   235 | D        | Found a transporter.
   237 | D        | Received a gift from Okawaru
   249 | D        | Entered arena 8.
   249 | D        | Noticed Sigmund
   249 | D        | Noticed Jessica
   249 | D        | Noticed Blork the orc
   249 | D        | Noticed Crazy Yiuf
   249 | D        | Noticed Dowan
   249 | D        | Noticed Duvessa
   250 | D        | Identified the +6 flail "Xoulev" {flame, rPois}
   252 | D        | Killed Crazy Yiuf
   252 | D        | Killed Jessica
   253 | D        | Found a transporter.
   253 | D        | Killed Dowan
   254 | D        | Killed Duvessa
   255 | D        | Reached skill level 5 in Armour
   256 | D        | Killed Sigmund
   256 | D        | Killed Blork the orc
   257 | D        | Reached skill level 8 in Axes
   300 | D        | Entered arena 9.
   300 | D        | Noticed a merfolk
   300 | D        | Noticed a merfolk
   300 | D        | Noticed a merfolk
   300 | D        | Noticed a wind drake
   301 | D        | Identified the +5 trident "Yrhaapess" {freeze, +Rage Fly
                  | rC- Stlth+}
   301 | D        | Identified the +8 spear of Contradiction {vamp, rC- Int+2
                  | Dex+4}
   304 | D        | Found a transporter.
   305 | D        | Killed a merfolk
   306 | D        | Killed a merfolk
   309 | D        | Reached skill level 9 in Axes
   309 | D        | Killed a wind drake
   309 | D        | Reached ***** piety under Okawaru
   311 | D        | Received a gift from Okawaru
   313 | D        | Killed a merfolk
   331 | D        | Got the amulet of Trepidation {RegenMP Fragile Fly Stlth+}
   345 | D        | Entered arena 10.
   345 | D        | Noticed a yaktaur
   345 | D        | Noticed a +3 long sword of flaming
   345 | D        | Noticed a deep elf archer
   345 | D        | Noticed a deep elf pyromancer
   345 | D        | Noticed a deep elf knight
   345 | D        | Noticed a deep elf knight
   345 | D        | Noticed an orc sorcerer
   347 | D        | Found a transporter.
   349 | D        | Killed a deep elf knight
   349 | D        | Identified the +4 broad axe "Gargoyle's Foe" {pain, Dex+5}
                  | (Okawaru gifted it to you in the Dungeon)
   349 | D        | Received a gift from Okawaru
   350 | D        | Reached XP level 10. HP: 45/63 MP: 11/11
   354 | D        | Reached skill level 10 in Axes
   356 | D        | Killed an orc sorcerer
   359 | D        | Killed a +3 long sword of flaming
   360 | D        | Reached skill level 11 in Axes
   360 | D        | Reached skill level 5 in Evocations
   360 | D        | Killed a deep elf knight
   367 | D        | Killed a deep elf pyromancer
   373 | D        | Killed a deep elf archer
   373 | D        | Identified the +8 war axe of Ysyepie {holy, rElec} (Okawaru
                  | gifted it to you in the Dungeon)
   373 | D        | Received a gift from Okawaru
   411 | D        | Got the amulet "Ceupaa" {Acrobat +Blink rF+ rCorr}
   425 | D        | Got the Disquisition on the Displaced Glacier
   436 | D        | Entered arena 11.
   437 | D        | Found a transporter.
   449 | D        | Got the +0 ring mail of Disguise {rElec rPois}
   451 | D        | Got the ring "Jetier" {Fly rElec Str+2 Int-3}
   459 | D        | Got the Compendium of the Damaging Volcanoes
   474 | D        | Entered arena 12.
   474 | D        | Noticed a flayed ghost
   477 | D        | Noticed a hellion
   482 | D        | Killed a flayed ghost
   483 | D        | Reached skill level 12 in Axes
   486 | D        | Killed a hellion
   489 | D        | Found a transporter.
   511 | D        | Got the ring of Tegemoz {EV+4 Stlth+}
   545 | D        | Entered arena 13.
   545 | D        | Noticed a merfolk impaler
   545 | D        | Noticed a merfolk aquamancer
   545 | D        | Noticed a merfolk aquamancer
   545 | D        | Noticed a merfolk impaler
   545 | D        | Noticed a manticore
   545 | D        | Noticed a merfolk aquamancer
   545 | D        | Noticed a merfolk impaler
   546 | D        | Noticed a sea snake
   546 | D        | Identified the +11 hand crossbow of Xaschump {freeze,
                  | rPois}
   547 | D        | Noticed a water nymph
   552 | D        | Killed a merfolk impaler
   553 | D        | Reached skill level 10 in Shields
   553 | D        | Reached XP level 11. HP: 68/69 MP: 10/13
   553 | D        | Killed a manticore
   553 | D        | Killed a merfolk aquamancer
   554 | D        | Reached skill level 13 in Axes
   554 | D        | Killed a merfolk impaler
   554 | D        | Killed a merfolk aquamancer
   556 | D        | Killed a merfolk aquamancer
   556 | D        | Killed a sea snake
   556 | D        | Received a gift from Okawaru
   557 | D        | Reached skill level 14 in Axes
   558 | D        | Received a gift from Okawaru
   559 | D        | Reached skill level 10 in Fighting
   560 | D        | Killed a merfolk impaler
   584 | D        | Got the ring "Bopsub" {*Corrode rElec rF+ Str+6 SInv}
   592 | D        | Got Lelafiox's Tome of Stones and Stolen Souls
   598 | D        | Entered arena 14.
   599 | D        | Noticed an eight-headed hydra
   599 | D        | Noticed a spriggan air mage
   599 | D        | Noticed a spriggan berserker
   599 | D        | Noticed a six-headed hydra
   600 | D        | Noticed an eight-headed hydra
   601 | D        | Killed an eight-headed hydra
   601 | D        | Reached ****** piety under Okawaru
   601 | D        | Received a gift from Okawaru
   602 | D        | Noticed a five-headed hydra
   603 | D        | Found a transporter.
   603 | D        | Killed a spriggan air mage
   604 | D        | Reached XP level 12. HP: 64/79 MP: 14/14
   604 | D        | Noticed a death yak
   605 | D        | Reached skill level 15 in Axes
   611 | D        | Killed a spriggan berserker
   612 | D        | Reached skill level 10 in Armour
   612 | D        | Killed an 11-headed hydra
   613 | D        | Killed a ten-headed hydra
   613 | D        | Killed a seven-headed hydra
   639 | D        | Entered arena 15.
   641 | D        | Noticed Duuwiaf the pandemonium lord
   641 | D        | Noticed a green death
   641 | D        | Noticed Pabbyust the pandemonium lord
   641 | D        | Noticed a cacodemon
   641 | D        | Noticed a blizzard demon
   644 | D        | Noticed a soul eater
   645 | D        | Found a transporter.
   650 | D        | Killed a green death
   650 | D        | Killed a blizzard demon
   651 | D        | Reached skill level 16 in Axes
   654 | D        | Killed a cacodemon
   663 | D        | Killed a soul eater
   663 | D        | Received a gift from Okawaru
   664 | D        | Reached skill level 5 in Invocations
   672 | D        | Killed Duuwiaf the pandemonium lord
   672 | D        | Identified the +2 scale mail of Lucidity {Drain rC+++}
                  | (Okawaru gifted it to you in the Dungeon)
   672 | D        | Received a gift from Okawaru
   673 | D        | Reached skill level 17 in Axes
   673 | D        | Reached XP level 13. HP: 72/88 MP: 10/17
   681 | D        | Killed Pabbyust the pandemonium lord
   681 | D        | Received a gift from Okawaru
   681 | D        | Engulfed by a cloud of freezing vapour

Illustrated notes

Levels and vault maps discovered:
D:        sprint_v [room_start, room_1, room_2, room_3, room_4, room_5, room_6,
          room_7, room_8, room_9, room_10, room_11, room_12, room_13, room_14,
          room_15, room_16, room_17, room_18, room_19, room_20, room_21,
          room_22, room_23, room_24, room_25, room_26, room_27]

Skill      XL: |  1  2  3  4  5  6  7  8  9 10 11 12 |
---------------+-------------------------------------+-----
Fighting       | 3 4 5 6 7 8 10 13 | 13.2
Axes           | 1 2 3 4 5 7 9 12 14 17 | 17.2
Staves         | 5 6 7 8 9 |  9.9
Throwing       | 2 3 4 5 |  5.3
Dodging        | 4 5 6 7 8 9 |  9.1
Shields        | 1 2 3 4 5 7 10 11 13 | 13.6
Armour         | 1 3 4 6 8 9 11 | 11.3
Polearms       | 1 |  1.3
Stealth        | 2 3 4 |  4.7
Conjurations   | 1 |  1.0
Ice Magic      | 2 |  2.0
Air Magic      | 1 |  1.3
Earth Magic    | 1 |  1.0
Invocations    | 1 2 3 5 |  5.7
Evocations     | 2 3 4 5 6 |  6.9
Long Blades    | |  0.7
Maces & Flails | |  0.8
Slings         | |  0.7
Bows           | |  0.8
Crossbows      | |  0.8
Unarmed Combat | |  0.8
Spellcasting   | |  0.7
Hexes          | |  0.7
Summonings     | |  0.7
Necromancy     | |  0.6
Translocations | |  0.7
Transmutations | |  0.6
Fire Magic     | |  0.8
Poison Magic   | |  0.8

Action                   |  1- 3 |  4- 6 |  7- 9 | 10-12 | 13-15 || total
-------------------------+-------+-------+-------+-------+-------++-------
Melee: Broad axe         |     3 |     5 |    23 |    60 |     6 ||    97
Invok: Heroism           |       |       |     3 |     4 |       ||     7
       Finesse           |       |       |       |     1 |       ||     1
Evoke: Lightning rod     |       |     1 |     8 |     2 |       ||    11
       Phantom mirror    |       |       |     2 |     3 |       ||     5
       Piece from Xom's  |       |       |     1 |       |       ||     1
       Condenser vane    |       |       |       |     3 |       ||     3
  Use: Potion            |       |     1 |       |    13 |     3 ||    17
       Scroll            |       |       |       |     1 |       ||     1
 Stab: Distracted        |       |       |       |     2 |       ||     2
Armor: Plate armour      |    10 |     7 |    26 |    69 |     5 ||   117
Dodge: Dodged            |     1 |     2 |    11 |    56 |     1 ||    71
Block: Kite shield       |    10 |     2 |    36 |    86 |     5 ||   139
